 Dungeon Crawl Stone Soup version 0.31-a0-960-g0fca184906 (webtiles) character file.

Game seed: 3446302424964263074

206 lessens the Shield-Bearer (level 5, 0/47 HPs)
             Began as a Gnoll Fighter on Oct 23, 2023.
             Slain by Natasha (4 damage)
             ... on level 3 of the Dungeon.
             The game lasted 00:02:18 (2094 turns).

lessens the Shield-Bearer (Gnoll Fighter)           Turns: 2094, Time: 00:02:18

Health: 0/47       AC:  9    Str: 17    XL:     5   Next: 84%
Magic:  7/7        EV:  9    Int:  8    God:
Gold:   154        SH:  5    Dex: 11    Spells: 7/7 levels left

rFire   . . .        a - +0 war axe
rCold   . . .        c - +0 buckler
rNeg    . . .        b - +0 scale mail
rPois   .            (no helmet)
rElec   .            (no cloak)
rCorr   .            i - +0 pair of gloves
SInv    .            (no boots)
Will    .....        (no amulet) Stlth
                     (no ring)
HPRegen 0.27/turn    (no ring)
MPRegen 0.10/turn

%: no passive effects
@: invisible
A: fangs 1, strong nose, distributed training
a: no special abilities


You were on level 3 of the Dungeon.
You visited 1 branch of the dungeon, and saw 3 of its levels.

You collected 154 gold pieces.

Inventory:

Hand Weapons
 a - a +0 war axe (weapon)
Missiles
 e - 2 boomerangs
 f - 22 stones
 h - 4 javelins
Armour
 b - a +0 scale mail (worn)
 c - a +0 buckler (worn)
 i - a +0 pair of gloves (worn)
Scrolls
 g - 2 scrolls of identify {unknown}
 k - a scroll of immolation {unknown}
 n - 2 scrolls of noise {unknown}
 o - 2 scrolls of amnesia {unknown}
 q - a scroll of blinking {unknown}
 r - a scroll of butterflies {unknown}
 s - a scroll of fear {unknown}
Potions
 d - a potion of might
 l - a potion of cancellation
 m - a potion of ambrosia {unknown}
 p - a potion of magic {unknown}


   Skills:
 + Level 6.7 Fighting
 + Level 1.7 Short Blades
 + Level 1.7 Long Blades
 + Level 4.9 Axes
 + Level 1.7 Maces & Flails
 + Level 1.7 Polearms
 + Level 1.7 Staves
 + Level 1.7 Ranged Weapons
 + Level 1.7 Throwing
 + Level 6.7 Armour
 + Level 1.7 Dodging
 + Level 1.7 Stealth
 + Level 6.7 Shields
 + Level 1.7 Unarmed Combat
 + Level 1.7 Spellcasting
 + Level 1.3 Conjurations
 + Level 1.3 Hexes
 + Level 1.3 Summonings
 + Level 1.3 Necromancy
 + Level 1.3 Translocations
 + Level 1.3 Transmutations
 + Level 1.3 Fire Magic
 + Level 1.3 Ice Magic
 + Level 1.3 Air Magic
 + Level 1.3 Earth Magic
 + Level 1.3 Poison Magic
 + Level 1.9 Invocations
 + Level 1.7 Evocations
 + Level 1.5 Shapeshifting


You had 7 spell levels left.
You didn't know any spells.
Your spell library contained the following spells:

 Spells                   Type           Power      Damage    Failure   Level
 Ensorcelled Hibernation  Hex/Ice        4%         N/A       75%         2
 Jinxbite                 Hex            4%         N/A       75%         2
 Anguish                  Hex/Necr       1%         N/A       100%        4


Dungeon Overview and Level Annotations

Branches:
Dungeon (3/15) Zot: 15846

Altars:

Annotations:
D:3 Natasha


Innate Abilities, Weirdness & Mutations

You have very sharp teeth.
Your uncanny sense of smell can sniff out nearby items.
Your experience applies equally to all skills.


Message History

Natasha zaps a wand.
The puff of flame hits you!
You closely miss Natasha.
Natasha is moderately wounded.
Natasha zaps a wand.
The puff of flame misses you.
You barely miss Natasha.
Natasha is moderately wounded.
Natasha zaps a wand.
The puff of flame hits you. You block Natasha's attack.
You closely miss Natasha.
Natasha is moderately wounded.
Natasha zaps a wand.
The puff of flame hits you!
You closely miss Natasha. Your bite misses Natasha.
Natasha is moderately wounded.
Natasha claws you.
You closely miss Natasha. You bite Natasha.
Natasha is heavily wounded.
Natasha claws you but does no damage. Natasha barely misses you.
You hit Natasha but do no damage.
Natasha is heavily wounded.
Natasha claws you.
* * * LOW HITPOINT WARNING * * *
You closely miss Natasha.
Natasha is heavily wounded.
Natasha zaps a wand.
The puff of flame hits you.
* * * LOW HITPOINT WARNING * * *
You hit Natasha.
Natasha is severely wounded.
Natasha zaps a wand.
The puff of flame hits you.
* * * LOW HITPOINT WARNING * * *
You block Natasha's attack.
It was a potion of cancellation.
You feel magically purged. Natasha barely misses you.
It was a potion of invisibility.
You fade into invisibility!
Natasha claws you.
* * * LOW HITPOINT WARNING * * *
You barely miss Natasha.
Natasha is severely wounded.
Natasha claws you.
You die...
Natasha curls up and begins to purr.

#.# #..#...............###.#
#.# #..#.#.######†.##..# #.#
#....#.# #..###.#
#.####)....# ##......#
#.....)..### ##...#####
########)## ##.....##
#.......))# ##.......##
.####.#####.).####.........#
...†............@'.........+
.####.###......h##.........#
#.# #.......###.......## #.#
#.#...### ##.....## #.#
#.#...# ##...## #.. .....##
##'## #####.#### #.# #.# #.#
#.. ∆ .#


You could see Natasha.

Vanquished Creatures
  Natasha (twice) (D:3)
  An orc wizard (D:3)
  5 adders
  A worm (D:2)
  2 dart slugs
  7 orcs (D:3)
  2 ball pythons
  5 endoplasms
  2 giant cockroaches
  8 goblins
  6 hobgoblins
  9 jackals
  A quokka (D:1)
  9 bats
  2 frilled lizards
  5 kobolds
  3 rats
70 creatures vanquished.

Notes
Turn   | Place    | Note
-------+----------+-------------------------------------------
     0 | D:1      | lessens the Gnoll Fighter began the quest for the Orb.
     0 | D:1      | Reached XP level 1. HP: 23/23 MP: 1/1
   155 | D:1      | Reached XP level 2. HP: 29/29 MP: 2/2
   372 | D:1      | Found a faded altar of an unknown god.
   571 | D:1      | Reached XP level 3. HP: 35/35 MP: 3/3
   773 | D:2      | Identified the +2 short sword of Kuen {heavy, Dex+4}
   900 | D:2      | Reached skill level 1 in Invocations
   984 | D:2      | Reached skill level 1 in Short Blades
   984 | D:2      | Reached skill level 1 in Long Blades
   984 | D:2      | Reached skill level 1 in Maces & Flails
   984 | D:2      | Reached skill level 1 in Polearms
   984 | D:2      | Reached skill level 1 in Staves
   984 | D:2      | Reached skill level 1 in Ranged Weapons
   984 | D:2      | Reached skill level 1 in Throwing
   984 | D:2      | Reached skill level 1 in Dodging
   984 | D:2      | Reached skill level 1 in Stealth
   984 | D:2      | Reached skill level 1 in Unarmed Combat
   984 | D:2      | Reached skill level 1 in Spellcasting
   984 | D:2      | Reached skill level 1 in Evocations
  1050 | D:2      | Reached XP level 4. HP: 41/41 MP: 5/5
  1081 | D:2      | Reached skill level 1 in Shapeshifting
  1324 | D:2      | Reached skill level 1 in Conjurations
  1324 | D:2      | Reached skill level 1 in Hexes
  1324 | D:2      | Reached skill level 1 in Summonings
  1324 | D:2      | Reached skill level 1 in Necromancy
  1324 | D:2      | Reached skill level 1 in Translocations
  1324 | D:2      | Reached skill level 1 in Transmutations
  1324 | D:2      | Reached skill level 1 in Fire Magic
  1324 | D:2      | Reached skill level 1 in Ice Magic
  1324 | D:2      | Reached skill level 1 in Air Magic
  1324 | D:2      | Reached skill level 1 in Earth Magic
  1324 | D:2      | Reached skill level 1 in Poison Magic
  1545 | D:3      | Noticed Natasha
  1555 | D:3      | Killed Natasha
  1556 | D:3      | Reached XP level 5. HP: 44/47 MP: 5/7
  1818 | D:3      | Noticed Natasha
  2014 | D:3      | Killed Natasha
  2075 | D:3      | Noticed Natasha
  2094 | D:3      | Slain by Natasha

Illustrated notes

Levels and vault maps discovered:
D:1:      erik_arrival_triangle_medium, layout_basic,
          shapermc_ecumenical_altar_pompeii
D:2:      minmay_inner_zag, layout_loops_ring, st_stairs_12,
          kennysheep_decorative_pillar
D:3:      layout_loops_corners, dreamdust_princess_corridor, grunt_ministairs_4,
          uniq_natasha

Skill      XL: |  1  2  3  4 |
---------------+-------------+-----
Invocations    | 1 |  1.9
Short Blades   | 1 |  1.7
Long Blades    | 1 |  1.7
Maces & Flails | 1 |  1.7
Polearms       | 1 |  1.7
Staves         | 1 |  1.7
Ranged Weapons | 1 |  1.7
Throwing       | 1 |  1.7
Dodging        | 1 |  1.7
Stealth        | 1 |  1.7
Unarmed Combat | 1 |  1.7
Spellcasting   | 1 |  1.7
Evocations     | 1 |  1.7
Shapeshifting  | 1 |  1.5
Conjurations   | 1 |  1.3
Hexes          | 1 |  1.3
Summonings     | 1 |  1.3
Necromancy     | 1 |  1.3
Translocations | 1 |  1.3
Transmutations | 1 |  1.3
Fire Magic     | 1 |  1.3
Ice Magic      | 1 |  1.3
Air Magic      | 1 |  1.3
Earth Magic    | 1 |  1.3
Poison Magic   | 1 |  1.3
Fighting       | |  6.7
Axes           | |  4.9
Armour         | |  6.7
Shields        | |  6.7

Action                     |  1- 3 |  4- 6 || total
---------------------------+-------+-------++-------
  Melee: War axe           |   108 |    92 ||   200
         Bite              |     3 |     9 ||    12
    Use: Potion            |       |     2 ||     2
 Armour: Scale mail        |    78 |    92 ||   170
  Dodge: Dodged            |    55 |    50 ||   105
  Block: Buckler           |    39 |    27 ||    66

Table legend: (Time is in decaauts)
 A = Elapsed time spent in this place.
 B = Non-inter-level travel time spent in this place.
 C = Inter-level travel time spent in this place.
 D = Time resting spent in this place.
 E = Time spent auto-exploring this place.
 F = Levels seen in this place.
 G = Mean time per level.
                   A        B        C        D        E       F      G
               +--------+--------+--------+--------+--------+-----+--------+
         Total |   2152 |   2127 |     25 |     95 |   1567 |   3 |  717.3 |
       Dungeon |   2152 |   2127 |     25 |     95 |   1567 |   3 |  717.3 |
               +--------+--------+--------+--------+--------+-----+--------+

Top non-repeatable levels by time:
     D:2: 896 daAuts
     D:1: 683 daAuts
     D:3: 572 daAuts

Levels and vault maps discovered:
D:1:      erik_arrival_triangle_medium, layout_basic,
          shapermc_ecumenical_altar_pompeii
D:2:      minmay_inner_zag, layout_loops_ring, st_stairs_12,
          kennysheep_decorative_pillar
D:3:      layout_loops_corners, dreamdust_princess_corridor, grunt_ministairs_4,
          uniq_natasha
